AoeStats
← ccpui1203

African Clearing

505847718Analyzed
4v4 RM · 20d ago on Sep 11, 2026· 81m 49s· 8 players
Game mode
Random Map
Map size
Large (8 player)
Population
200
Speed
Normal
Resources
Standard
Victory
Conquest
Starting age
Dark Age
Ending age
Imperial Age
RankedLock teamsTeams togetherTeam positionsShared explorationLock speedFull tech treeHidden civsTurbo modeCheats
Victory
Defeat
🇧🇪 Mongols · Belgium
896
+13
🇵🇱 Turks · Poland
893
+13
🇭🇰 Shu · Hong Kong SAR China
809
+16
🇹🇼 Byzantines · Taiwan
728
+20
🇩🇪 Turks · Germany
943
-21
🇹🇷 Mongols · Türkiye
876
-18
🇹🇷 Georgians · Türkiye
757
-13
🇨🇳 Khmer · China
692
-10
traveller
5:11 Loom
17:20 Feudal Age
18:15 Double-Bit Axe
18:14 Horse Collar
18:42 Gold Mining
19:32 Wheelbarrow
23:09 Castle Age
20:56 Horse Collar
22:30 Scale Barding Armor
22:33 Stone Mining
25:49 Town Watch
32:32 Husbandry
33:46 Bow Saw
34:19 Forging
37:56 Wheelbarrow
40:03 Imperial Age
38:32 Ballistics
39:58 Masonry
39:44 Murder Holes
45:15 Treadmill Crane
47:26 Architecture
48:34 Conscription
48:42 Sanctity
MiyamotoMusashi27
10:51 Loom
15:47 Feudal Age
16:27 Double-Bit Axe
20:56 Castle Age
20:17 Stone Mining
22:31 Stone Shaft Mining
25:14 Husbandry
25:25 Bloodlines
27:37 Scale Barding Armor
27:43 Forging
27:48 Town Watch
28:39 Wheelbarrow
31:49 Hand Cart
33:21 Town Patrol
36:08 Fletching
36:19 Padded Archer Armor
36:24 Murder Holes
42:42 Leather Archer Armor
43:38 Bodkin Arrow
45:18 Caravan
51:25 Bow Saw
52:00 Chain Barding Armor
52:16 Iron Casting
58:47 Imperial Age
60:20 Elite Steppe Lancer
64:07 Ballistics
64:48 Chemistry
63:57 Siege Engineers
65:18 Bracer
66:20 Blast Furnace
65:49 Elite Mangudai
66:53 Conscription
67:54 Coinage
69:18 Elite Skirmisher
76:03 Masonry
77:03 Capped Ram
80:05 Hoardings
79:57 Drill
沐灵葵
17:11 Feudal Age
19:24 Wheelbarrow
20:33 Horse Collar
21:02 Double-Bit Axe
22:10 Stone Mining
26:36 Castle Age
25:43 Gold Mining
28:38 Stone Shaft Mining
28:43 Gold Shaft Mining
31:29 Caravan
32:02 Coinage
34:30 Hand Cart
36:49 Imperial Age
35:22 Bow Saw
37:21 Hand Cart
38:20 Conscription
39:03 Heavy Plow
41:40 Crop Rotation
42:36 Elite Ballista Elephant
44:17 Scale Barding Armor
44:44 Ballistics
44:40 Masonry
45:33 Double Crossbow
46:27 Husbandry
45:49 Cavalier
46:42 Bloodlines
48:43 Forging
48:55 Chain Barding Armor
48:38 Padded Archer Armor
48:32 Fletching
63:51 Pikeman
64:58 Halberdier
1318882408
3:47 Loom
16:39 Feudal Age
22:52 Castle Age
23:14 Double-Bit Axe
25:58 Horse Collar
37:08 Imperial Age
35:09 Forging
35:55 Wheelbarrow
35:05 Town Watch
35:55 Bloodlines
36:17 Husbandry
38:00 Hand Cart
38:28 Scale Barding Armor
44:41 Iron Casting
44:27 Chain Barding Armor
45:31 Conscription
45:12 Artillery
47:18 Blast Furnace
46:09 Fletching
46:19 Padded Archer Armor
46:55 Ballistics
46:56 Bombard Tower
46:34 Murder Holes
48:59 Plate Barding Armor
52:14 Bodkin Arrow
51:47 Elite Janissary
53:24 Gold Mining
59:00 Gold Shaft Mining
58:20 Stone Mining
58:48 Bracer
66:58 Heavy Camel Rider
Wimvdm91
14:17 Feudal Age
15:03 Double-Bit Axe
21:09 Castle Age
20:17 Stone Mining
20:13 Horse Collar
21:59 Crossbowman
23:48 Thumb Ring
24:59 Squires
26:49 Pikeman
29:46 Forging
38:37 Loom
54:35 Imperial Age
55:19 Capped Ram
57:22 Siege Ram
61:09 Fletching
62:05 Onager
66:23 Husbandry
66:34 Bloodlines
67:27 Wheelbarrow
67:14 Bow Saw
67:15 Gold Mining
69:57 Gold Shaft Mining
69:41 Hand Cart
69:24 Horse Collar
73:07 Ballistics
73:55 Chemistry
73:34 Bodkin Arrow
76:25 Siege Onager
79:02 Scale Mail Armor
79:38 Iron Casting
79:21 Fortified Wall
wojopl31
10:25 Loom
13:21 Feudal Age
18:12 Castle Age
17:00 Double-Bit Axe
25:39 Wheelbarrow
24:49 Town Watch
27:04 Horse Collar
31:41 Bow Saw
31:44 Fletching
35:14 Padded Archer Armor
36:06 Bloodlines
40:05 Imperial Age
38:22 Husbandry
40:09 Elite Janissary
41:24 Hoardings
41:11 Conscription
41:49 Artillery
42:52 Heavy Plow
43:33 Heated Shot
44:06 Ballistics
43:44 Murder Holes
43:59 Fortified Wall
44:24 Forging
44:25 Scale Barding Armor
47:05 Chain Barding Armor
48:55 Heavy Camel Rider
56:48 Plate Barding Armor
56:50 Iron Casting
68:55 Blast Furnace
67:52 Bodkin Arrow
68:12 Leather Archer Armor
67:58 Scale Mail Armor
70:58 Two-Man Saw
71:43 Sipahi
73:06 Cavalier
77:36 Town Patrol
77:52 Hand Cart
77:40 Town Patrol
ccpui1203
4:36 Loom
16:38 Feudal Age
21:39 Castle Age
20:02 Double-Bit Axe
20:00 Horse Collar
22:44 Wheelbarrow
25:04 Bow Saw
30:08 Thumb Ring
29:24 Crossbowman
31:21 Heavy Plow
37:06 Imperial Age
34:56 Hand Cart
36:01 Fletching
36:12 Padded Archer Armor
36:22 Forging
36:13 Scale Mail Armor
36:50 Gold Mining
36:50 Stone Mining
37:39 Bodkin Arrow
37:59 Leather Archer Armor
39:57 Two-Man Saw
38:54 Town Watch
39:30 Chain Mail Armor
38:38 Arbalester
40:16 Gold Shaft Mining
40:21 Ballistics
39:52 Heated Shot
41:03 Chemistry
40:40 Arson
40:55 Squires
40:15 Pikeman
41:00 Bracer
41:30 Ring Archer Armor
43:46 Halberdier
44:39 Bolt Magazine
44:59 Conscription
44:41 Coiled Serpent Array
56:03 Plate Mail Armor
57:37 Elite White Feather Guard
58:53 Hoardings
吼哩嘎在
17:21 Feudal Age
17:53 Double-Bit Axe
17:50 Horse Collar
24:44 Castle Age
24:26 Forging
24:22 Scale Barding Armor
24:58 Pikeman
26:07 Stone Mining
48:19 Wheelbarrow
49:22 Hand Cart
52:02 Bow Saw
55:15 Imperial Age
56:18 Husbandry
55:40 Light Cavalry
56:07 Treadmill Crane
57:08 Iron Casting
56:54 Chain Barding Armor
57:24 Heavy Camel Rider
57:43 Hussar
62:53 Heavy Plow
68:12 Plate Barding Armor
68:46 Capped Ram
72:30 Two-Man Saw
72:05 Crop Rotation
74:37 Siege Ram
Connection lost

Rejoining the realm…

Still unreachable

The connection could not be restored.

Session expired

The server has moved on; the page needs a fresh start.